 Dungeon Crawl Stone Soup version 0.26.0-45-g9c1d065592 (webtiles) character file.

Game seed: 13511673068084810078

777 kaeus the Stinger (level 7, 0/76 HPs)
             Began as a Gnoll Venom Mage on Jan 31, 2021.
             Slain by a two-headed ogre
             ... wielding a +0 giant club
              (10 damage)
             ... on level 5 of the Dungeon.
             The game lasted 00:04:58 (5111 turns).

kaeus the Stinger (Gnoll Venom Mage)                Turns: 5111, Time: 00:04:58

Health: 0/76       AC: 30    Str: 10    XL:     7   Next: 84%
Magic:  2/15       EV:  2    Int: 25    God:
Gold:   213        SH:  0    Dex: 16    Spells: 6/17 levels left

rFire    . . .     SeeInvis .   y - +1 flail (protect)
rCold    . . .     Faith    .   (no shield)
rNeg     + + +     Spirit   .   (armour currently unavailable)
rPois    +         Reflect  .   (helmet currently unavailable)
rElec    .         Harm     .   (cloak currently unavailable)
rCorr    .         Rampage  .   (gloves currently unavailable)
Will     +....     NoTele   +   (boots currently unavailable)
Stlth    +++.......             (no amulet)
HPRegen  0.22/turn              d - +6 ring of intelligence
MPRegen  0.14/turn              o - ring of willpower

@: tree-form, protection aura, very slightly contaminated
A: distributed training, strong nose
a: no special abilities


You were on level 5 of the Dungeon.
You were a tree.
You visited 1 branch of the dungeon, and saw 5 of its levels.

You collected 213 gold pieces.

Inventory:

Hand Weapons
 y - a +1 flail of protection (weapon)
 A - a +2 antimagic short sword
Armour
 a - a +0 robe
 u - a +0 helmet (melded)
 v - a +0 pair of gloves (melded)
 w - a cursed +0 ring mail (melded)
Jewellery
 d - a +6 ring of intelligence (left branch)
 o - a ring of willpower (right branch)
Scrolls
 e - 2 scrolls of identify
 g - 4 scrolls of teleportation
 j - 2 scrolls of enchant armour {unknown}
 l - 4 scrolls of enchant weapon {unknown}
 n - 4 scrolls of remove curse
 p - a scroll of fog {unknown}
 q - 3 scrolls of immolation
 r - a scroll of fear {unknown}
 t - a scroll of blinking {unknown}
Potions
 b - a potion of berserk rage {unknown}
 c - 2 potions of attraction {unknown}
 f - 2 potions of cancellation
 h - 3 potions of invisibility {unknown}
 i - 2 potions of ambrosia {unknown}
 k - a potion of heal wounds {unknown}
 m - 5 potions of curing
 s - a potion of lignification
 x - a potion of mutation {unknown}
 z - a potion of degeneration {unknown}
 B - a potion of flight {unknown}


   Skills:
 + Level 2.7 Fighting
 + Level 2.7 Short Blades
 + Level 2.7 Long Blades
 + Level 2.7 Axes
 + Level 2.7 Maces & Flails
 + Level 2.7 Polearms
 + Level 2.7 Staves
 + Level 2.7 Slings
 + Level 2.7 Bows
 + Level 2.7 Crossbows
 + Level 2.7 Throwing
 + Level 2.7 Armour
 + Level 5.4 Dodging
 + Level 5.0 Stealth
 + Level 2.7 Shields
 + Level 2.7 Unarmed Combat
 + Level 5.7 Spellcasting
 + Level 2.2 Conjurations
 + Level 2.2 Hexes
 + Level 2.2 Summonings
 + Level 2.2 Necromancy
 + Level 2.2 Translocations
 + Level 3.1 Transmutations
 + Level 2.2 Fire Magic
 + Level 2.2 Ice Magic
 + Level 2.2 Air Magic
 + Level 2.2 Earth Magic
 + Level 5.9 Poison Magic
 + Level 3.0 Invocations
 + Level 2.7 Evocations


You had 6 spell levels left.
You knew the following spells:

 Your Spells              Type           Power        Failure   Level
a - Sting                 Tmut/Pois      100%         1%          1
b - Olgreb's Toxic Radia  Pois           37%          7%          4
c - Ignite Poison         Fire/Tmut/Pois 26%          4%          3
d - Mephitic Cloud        Conj/Pois/Air  24%          5%          3

Your spell library contained the following spells:

 Spells                   Type           Power        Failure   Level
 Poisonous Vapours        Pois/Air       54%          2%          2


Dungeon Overview and Level Annotations

Branches:
Dungeon (5/15)
 Temple: D:4-7

Altars:
Nemelex Xobeh
Ru

Annotations:
D:3 2 transporters, Caestello's ghost, amateur KoCK


Innate Abilities, Weirdness & Mutations

Your experience applies equally to all skills.
((You have very sharp teeth.))
Your uncanny sense of smell can sniff out nearby items.


Message History

You see here 2 arrows.
You turn into a tree.
Your +0 helmet melds into your body.
Your +0 pair of gloves melds into your body.
Your cursed +0 ring mail melds into your body.
Your roots penetrate the ground.
The two-headed ogre hits you with a +0 giant club!
* * * LOW HITPOINT WARNING * * *
The two-headed ogre hits you but does no damage.
You now have 9/76 hp.
You hit the two-headed ogre but do no damage.
Your weapon exudes an aura of protection.
The two-headed ogre is heavily wounded.
You kill the ogre!
The two-headed ogre hits you but does no damage. x2
Your Invocations skill increases to level 3!
You hit the two-headed ogre but do no damage.
The two-headed ogre is heavily wounded.
The two-headed ogre hits you but does no damage.
The two-headed ogre hits you with a +0 giant spiked club!
You die...

∆ #########
#...<...# ##
#.#####♣# ###.##
#O# ...... #O#
...... #.# ..<...
#.##########......
#.(.O.............
############......
...... ......


You could see a two-headed ogre (very poisoned) and an ogre (poisoned).

Vanquished Creatures
  Sigmund (D:2)
  2 ogres
  A centaur (D:5)
  A hound (D:4)
  2 orc wizards
  An orc priest (D:2)
  An iguana (D:4)
  3 worker ants (D:4)
  A hound skeleton (D:4)
  4 gnolls (D:4)
  An ufetubus (D:5)
  2 adder skeletons (D:4)
  3 dart slugs (D:1)
  5 leopard geckos
  10 orcs
  9 bats
  6 giant cockroaches
  3 hobgoblins
  7 jackals
  A quokka (D:3)
  A ball python (D:1)
  5 frilled lizards
  12 goblins
  7 kobolds
  7 rats
96 creatures vanquished.

Notes
Turn   | Place    | Note
-------+----------+-------------------------------------------
     0 | D:1      | kaeus the Gnoll Venom Mage began the quest for the Orb.
     0 | D:1      | Reached XP level 1. HP: 13/13 MP: 6/6
   101 | D:1      | Reached XP level 2. HP: 16/19 MP: 0/7
   663 | D:1      | Found a sparkling altar of Nemelex Xobeh.
   666 | D:1      | Reached XP level 3. HP: 25/25 MP: 7/9
   671 | D:1      | Reached skill level 5 in Spellcasting
  1072 | D:2      | Found a sacrificial altar of Ru.
  1095 | D:2      | Reached skill level 1 in Invocations
  1790 | D:2      | Reached skill level 1 in Fighting
  1790 | D:2      | Reached skill level 1 in Short Blades
  1790 | D:2      | Reached skill level 1 in Long Blades
  1790 | D:2      | Reached skill level 1 in Axes
  1790 | D:2      | Reached skill level 1 in Maces & Flails
  1790 | D:2      | Reached skill level 1 in Polearms
  1790 | D:2      | Reached skill level 1 in Staves
  1790 | D:2      | Reached skill level 1 in Slings
  1790 | D:2      | Reached skill level 1 in Bows
  1790 | D:2      | Reached skill level 1 in Crossbows
  1790 | D:2      | Reached skill level 1 in Throwing
  1790 | D:2      | Reached skill level 1 in Armour
  1790 | D:2      | Reached skill level 1 in Shields
  1790 | D:2      | Reached skill level 1 in Unarmed Combat
  1790 | D:2      | Reached skill level 1 in Evocations
  1880 | D:2      | Noticed Sigmund
  1894 | D:2      | HP: 1/26 [Sigmund/magic dart (7)]
  1899 | D:2      | Killed Sigmund
  1900 | D:2      | Reached skill level 1 in Conjurations
  1900 | D:2      | Reached skill level 1 in Hexes
  1900 | D:2      | Reached skill level 1 in Summonings
  1900 | D:2      | Reached skill level 1 in Necromancy
  1900 | D:2      | Reached skill level 1 in Translocations
  1900 | D:2      | Reached skill level 1 in Fire Magic
  1900 | D:2      | Reached skill level 1 in Ice Magic
  1900 | D:2      | Reached skill level 1 in Air Magic
  1900 | D:2      | Reached skill level 1 in Earth Magic
  1900 | D:2      | Reached XP level 4. HP: 2/33 MP: 2/11
  1900 | D:2      | Reached XP level 5. HP: 2/38 MP: 2/12
  2203 | D:2      | Learned a level 4 spell: Olgreb's Toxic Radiance
  2207 | D:2      | Learned a level 3 spell: Ignite Poison
  2211 | D:2      | Learned a level 3 spell: Mephitic Cloud
  2328 | D:2      | Reached XP level 6. HP: 44/44 MP: 3/13
  2947 | D:3      | Reached skill level 5 in Dodging
  3635 | D:3      | Noticed Caestello's ghost (amateur KoCK)
  3639 | D:3      | Found a transporter.
  3647 | D:3      | Found a transporter.
  4210 | D:4      | Reached XP level 7. HP: 50/50 MP: 3/15
  4977 | D:5      | Entered Level 5 of the Dungeon
  4991 | D:5      | Reached skill level 5 in Stealth
  5087 | D:5      | Noticed a two-headed ogre
  5111 | D:5      | Slain by a two-headed ogre

Illustrated notes

Levels and vault maps discovered:
D:1:      dpeg_arrival_concentric_ovals, layout_basic, serial_curves,
          eino_curves_03, eino_curves_02, nemelex_xobeh_ov_fountains_minmay
D:2:      layout_basic, nicolae_ru_path_of_blood, uniq_sigmund
D:3:      layout_basic, gammafunk_ghost_arena, grunt_decor_resistance
D:4:      layout_cave_pools
D:5:      layout_loops_ring, minmay_temple_entry_arrows, basic_altar,
          gammafunk_ghost_cemetery

Skill      XL: |  1  2  3  4  5  6  7 |
---------------+----------------------+-----
Transmutations | 2 3 |  3.1
Spellcasting   | 5 |  5.7
Invocations    | 1 2 3 |  3.0
Fighting       | 1 2 |  2.7
Short Blades   | 1 2 |  2.7
Long Blades    | 1 2 |  2.7
Axes           | 1 2 |  2.7
Maces & Flails | 1 2 |  2.7
Polearms       | 1 2 |  2.7
Staves         | 1 2 |  2.7
Slings         | 1 2 |  2.7
Bows           | 1 2 |  2.7
Crossbows      | 1 2 |  2.7
Throwing       | 1 2 |  2.7
Armour         | 1 2 |  2.7
Shields        | 1 2 |  2.7
Unarmed Combat | 1 2 |  2.7
Evocations     | 1 2 |  2.7
Conjurations   | 1 2 |  2.2
Hexes          | 1 2 |  2.2
Summonings     | 1 2 |  2.2
Necromancy     | 1 2 |  2.2
Translocations | 1 2 |  2.2
Fire Magic     | 1 2 |  2.2
Ice Magic      | 1 2 |  2.2
Air Magic      | 1 2 |  2.2
Earth Magic    | 1 2 |  2.2
Dodging        | 5 |  5.4
Stealth        | 5 |  5.0
Poison Magic   | |  5.9

Action                   |  1- 3 |  4- 6 |  7- 9 || total
-------------------------+-------+-------+-------++-------
Melee: Club              |     2 |       |       ||     2
       Dagger            |    55 |    78 |       ||   133
       Bite              |     2 |     9 |     1 ||    12
       Flail             |       |     2 |    12 ||    14
 Cast: Sting             |    63 |    25 |    11 ||    99
       Olgreb's Toxic Ra |       |    10 |     3 ||    13
       Ignite Poison     |       |     2 |     1 ||     3
       Mephitic Cloud    |       |       |     1 ||     1
  Use: Scroll            |       |     6 |       ||     6
       Potion            |       |       |     1 ||     1
Armor: Robe              |    13 |     4 |       ||    17
       Ring mail         |       |    21 |     5 ||    26
       Skin              |       |       |     4 ||     4
Dodge: Dodged            |    64 |    79 |    13 ||   156
